 Dungeon Crawl Stone Soup version 0.28.0 (webtiles) character file.

Game seed: 17754980791967649704

108 Minsecho the Chiller (level 4, -4/27 (31) HPs)
             Began as a Merfolk Ice Elementalist on Feb 6, 2022.
             Slain by a wight (5 damage)
             ... on level 2 of the Dungeon.
             The game lasted 00:03:18 (2417 turns).

Minsecho the Chiller (Merfolk Ice Elementalist)     Turns: 2417, Time: 00:03:19

HP:   -4/27 (31)    AC:  3    Str: 10    XL:     4   Next: 87%
MP:   7/8           EV: 13    Int: 14    God:
Gold: 49            SH:  0    Dex: 14    Spells: 5/9 levels left

rFire   . . .      SeeInvis .   g - +0 spear
rCold   . . .      Faith    .   (no shield)
rNeg    . . .      Spirit   .   a - +0 robe
rPois   .          Reflect  .   h - +0 helmet
rElec   .          Harm     .   (no cloak)
rCorr   .          Rampage  .   (no gloves)
Will    .....                   (no boots)
Stlth   ++........              (no amulet)
HPRegen 0.09/turn               (no ring)
MPRegen 0.11/turn               (no ring)

@: heavily drained
A: (nimble swimmer 2), mertail
a: no special abilities


You were on level 2 of the Dungeon.
You visited 1 branch of the dungeon, and saw 3 of its levels.

You collected 49 gold pieces.

Inventory:

Hand Weapons
 c - a +0 short sword
 g - a +0 spear (weapon)
Armour
 a - a +0 robe (worn)
 h - a +0 helmet (worn)
Scrolls
 b - a scroll of identify {unknown}
 i - a scroll of enchant armour {unknown}
 l - a scroll of enchant weapon {unknown}
 m - a scroll of vulnerability {unknown}
Potions
 d - a potion of haste {unknown}
 e - a potion of lignification {unknown}
 f - a potion of heal wounds {unknown}
 j - a potion of curing {unknown}
 k - a potion of mutation {unknown}


   Skills:
 + Level 0.4 Fighting
 - Level 0.6 Short Blades
 + Level 3.2 Dodging
 - Level 2.1 Stealth
 + Level 3.0 Spellcasting
 + Level 5.6 Ice Magic


You had 5 spell levels left.
You knew the following spells:

 Your Spells              Type           Power      Damage    Failure   Level
a - Freeze                Ice            68%        1d8       1%          1
b - Frozen Ramparts       Ice            34%        1d5       6%          3

Your spell library contained the following spells:

 Spells                   Type           Power      Damage    Failure   Level
 Ozocubu's Armour         Ice            17%        N/A       6%          3
 Hailstorm                Conj/Ice       10%        3d5       54%         4


Dungeon Overview and Level Annotations

Branches:
Dungeon (3/15)

Altars:

Annotations:
D:2 1 runed translucent door, Crazy Yiuf


Innate Abilities, Weirdness & Mutations

((You are very nimble when in or above water. (Stealth+, EV+, Speed+++)))
Your lower body shifts to a powerful aquatic tail in water.


Message History

There is a stone staircase leading down here.
You hit the wight.
The wight is moderately damaged.
The wight hits you with a +0 long sword.
You closely miss the wight.
The wight is moderately damaged.
The wight closely misses you.
You hit the wight but do no damage.
The wight is moderately damaged.
The wight hits you with a +0 long sword.
You feel drained.
You hit the wight but do no damage.
The wight is moderately damaged.
The wight closely misses you.
You hit the wight.
The wight is moderately damaged.
The wight barely misses you.
You closely miss the wight.
The wight is moderately damaged.
The wight hits you with a +0 long sword!
You feel drained.
You are too injured to fight recklessly!
You are too injured to fight recklessly!
Casting: Freeze (safe; 1% risk of failure)
Confirm with . or Enter, or press ? or * to list all spells.
You don't know that spell.
Casting: Freeze (safe; 1% risk of failure)
Confirm with . or Enter, or press ? or * to list all spells.
Aiming: Freeze (safe; 1% risk of failure)
Press: ? - help, Shift-Dir - straight line, f - wight
Aim: a wight, wielding a +0 long sword and wearing a +0 robe (moderately damaged)
You freeze the wight.
The wight resists.
The wight is moderately damaged.
The wight barely misses you.
You hit the wight.
The wight is severely damaged.
The wight hits you with a +0 long sword!
* * * LOW HITPOINT WARNING * * *
You feel drained.
You die...

##.###########.........
#......[.....#.........
#..###.#####.#.........
#..# #.# #.#.........
#..###.#####...........
#..........#...........
##.###>................
#.###z###.#...........
#.##.@........######.#
#.##..........## #.#
#.##...........# #.#
#.###.###'#.##.#####..
#.###.#.............##
#...................#
###.................##
#(..................
#.................##


You could see a wight.

Vanquished Creatures
  Terence (D:2)
  Robin (D:2)
  2 adders (D:2)
  A worm (D:2)
  A dart slug (D:1)
  7 ball pythons
  3 bats (D:1)
  5 endoplasms
  2 giant cockroaches
  3 hobgoblins
  3 kobolds (D:1)
  A frilled lizard (D:1)
  13 goblins
  2 rats (D:1)
45 creatures vanquished.

Notes
Turn   | Place    | Note
-------+----------+-------------------------------------------
     0 | D:1      | Minsecho the Merfolk Ice Elementalist began the quest for
                  | the Orb.
     0 | D:1      | Reached XP level 1. HP: 13/13 MP: 3/3
   135 | D:1      | Reached XP level 2. HP: 15/19 MP: 1/5
   168 | D:1      | Reached skill level 5 in Ice Magic
   763 | D:1      | Reached XP level 3. HP: 24/24 MP: 6/6
   769 | D:1      | Learned a level 3 spell: Frozen Ramparts
  1359 | D:2      | Reached XP level 4. HP: 27/31 MP: 3/7
  1396 | D:2      | Noticed Robin
  1419 | D:2      | Killed Robin
  1662 | D:2      | Found a faded altar of an unknown god.
  1732 | D:2      | Found a runed translucent door.
  1733 | D:2      | Noticed Crazy Yiuf
  1875 | D:2      | Noticed Terence
  1881 | D:2      | Killed Terence
  2417 | D:2      | HP: 1/28 [wight (12)]
  2417 | D:2      | Slain by a wight

Illustrated notes

Levels and vault maps discovered:
D:1:      minmay_arrival_wavy_path, layout_basic
D:2:      layout_basic, chequers_ecumenical_altar_simple, uniq_terence,
          uniq_robin, uniq_crazy_yiuf_cottage
D:3:      layout_loops_ring, xom_teletrap_fun, overflow_temple_1_default,
          lemuel_doored_altar, uniq_jessica

Skill      XL: |  1  2  3  4 |
---------------+-------------+-----
Ice Magic      | 5 |  5.6
Dodging        | 3 |  3.2
Spellcasting   | 3 |  3.0
Fighting       | |  0.4
Short Blades   | |  0.6
Stealth        | |  2.1

Action                   |  1- 3 |  4- 6 || total
-------------------------+-------+-------++-------
Melee: Short sword       |    19 |     1 ||    20
       Unarmed           |     2 |       ||     2
       Spear             |       |    16 ||    16
 Cast: Freeze            |    38 |    12 ||    50
       Frozen Ramparts   |     1 |     1 ||     2
 Stab: Sleeping          |     1 |     2 ||     3
Armor: Robe              |     9 |     3 ||    12
Dodge: Dodged            |    40 |    20 ||    60
